 Dungeon Crawl Stone Soup version 0.21-a0-110-g8e1637b (webtiles) character file.

196 Goblin1989 the Covert (level 5, -2/25 HPs)
             Began as a Spriggan Assassin on July 7, 2017.
             Slain by a hound (5 damage)
             ... on level 9 of the Dungeon.
             The game lasted 00:08:38 (961 turns).

Goblin1989 the Covert (Spriggan Assassin)            Turns: 961, Time: 00:08:38

Health: -2/25      AC:  3    Str:  7    XL:     5   Next: 46%
Magic:  6/6        EV: 17    Int: 13    God:
Gold:   0          SH:  0    Dex: 18    Spells: 4/4 levels left

rFire    . . .     SeeInvis +   a - +2 dagger
rCold    . . .     Gourm    .   (shield restricted)
rNeg     . . .     Faith    .   c - +0 robe
rPois    .         Spirit   .   (helmet restricted)
rElec    .         Reflect  .   d - +0 cloak
rCorr    .         Harm     .   (gloves unavailable)
MR       .....                  (boots unavailable)
Stlth    +++++.....             (no amulet)
HPRegen  0.08/turn              (no ring)
MPRegen  0.10/turn              (no ring)

@: very quick
A: unfitting armour, see invisible, herbivore 3, speed 3, slow metabolism 2
a: no special abilities


You were on level 9 of the Dungeon.
You were not hungry.

You visited 1 branch of the dungeon, and saw 10 of its levels.

Inventory:

Hand Weapons
 a - a +2 dagger (weapon)
 w - a +0 blowgun {@w1}
Missiles
 f - a curare-tipped needle
 g - 25 poisoned needles
 A - 45 stones (quivered)
 E - 5 needles of paralysis
 I - 2 javelins
Armour
 c - a +0 robe (worn)
 d - a +0 cloak (worn)
 z - a +0 robe
 D - a +0 plate armour
 F - a +0 pair of boots
Jewellery
 J - an uncursed ring of flight {unknown}
Scrolls
 G - a scroll of immolation
Potions
 C - 2 potions of heal wounds {unknown}
Books
 K - a book of Flames

   Spells                             Type                      Level
   a - Flame Tongue                   Conjuration/Fire             1
   b - Throw Flame                    Conjuration/Fire             2
   c - Conjure Flame                  Conjuration/Fire             3
   d - Inner Flame                    Hexes/Fire                   3
   e - Sticky Flame                   Conjuration/Fire             4
   f - Fireball                       Conjuration/Fire             5
Comestibles
 e - a bread ration {@e1}
 B - 2 royal jellies


   Skills:
 - Level 1.5 Fighting
 - Level 2.1 Short Blades
 - Level 2.0 Throwing
 - Level 1.5 Dodging
 + Level 10.3 Stealth


You had 4 spell levels left.
You didn't know any spells.

Dungeon Overview and Level Annotations

Branches:
Dungeon (10/15)
 Temple: D:4-7         Lair: D:8-11         Orc: D:9-12

Altars:
The Shining One

Annotations:
D:3 Ijyb


Innate Abilities, Weirdness & Mutations

You are very small and have problems with some larger weapons.
You are too small for most types of armour.
You have supernaturally acute eyesight. (SInv)
You are a herbivore.
You cover ground extremely quickly.
You need consume almost no food.


Message History

The hippogriff claws you.
You take 5 damage, and have 13/18 hp.
MASSIVE DAMAGE!!
You completely miss the hippogriff.
The hippogriff is almost dead.
The hippogriff bites you but does no damage.
The hippogriff pecks you.
* * * LOW HITPOINT WARNING * * *
The hippogriff closely misses you.
You take 6 damage, and have 7/18 hp.
MASSIVE DAMAGE!!
You hit the hippogriff but do no damage.
The hippogriff is almost dead.
The hippogriff closely misses you. The hippogriff barely misses you.
The hippogriff closely misses you.
Unknown command.
You barely miss the hippogriff.
The hippogriff is almost dead.
The hippogriff misses you. The hippogriff closely misses you.
The hippogriff claws you.
* * * LOW HITPOINT WARNING * * *
A hound comes into view.
You take 2 damage, and have 5/18 hp.
The hound barks!
Wield which item (- for none, * to show all)? (? for menu, Esc to quit)
w - a +0 blowgun (weapon)
{@w1} Firing (i - inventory. (,) - cycle):
f - 2 curare-tipped needles (quivered)
Press: ? - help, Shift-Dir - straight line, f - hippogriff
Aim: a hippogriff (severely wounded)
You shoot a curare-tipped needle.
The curare-tipped needle hits the hippogriff.
The hippogriff is poisoned.
The hippogriff convulses.
You kill the hippogriff!
Your Stealth skill gained 3 levels and is now at level 10!
You have reached level 4!
You have reached level 5!
You feel clever.
You regained 2 hp, and now have 7/25 hp.
MP restored: 6
a - a +2 dagger (weapon)
An ogre comes into view. It is wielding a giant club.
You found an alarm trap!
As you read the scroll labeled APORYP LEPTOX, it crumbles to dust.
It is a scroll of identify.
G - a scroll of immolation
As you read the scroll labeled UTUAROA DOSEEB, it crumbles to dust.
It is a scroll of recharging.
You aren't carrying any rechargeable items.
The hound bites you.
* * * LOW HITPOINT WARNING * * *
The hound closely misses you.
You take 1 damage, and have 7/25 hp.
As you read the scroll labeled YNUAQY MEIS, it crumbles to dust.
You feel blessed for a moment.
It was a scroll of remove curse.
The hound bites you.
* * * LOW HITPOINT WARNING * * *
You take 5 damage, and have 2/25 hp.
Really walk onto that alarm trap? [Y]es or [N]o only, please.
Really walk onto that alarm trap?
The alarm trap emits a blaring wail!
A sentinel's mark forms upon you.
You hear a shout!
You hear a bark!
Something shouts, "Slither away, thou gleeking ruttish fleecer!"
You hear a howl!
You hear an angry hiss.
Found a stone staircase leading up.
There is a stone staircase leading up here.
You swing at nothing.
The hound bites you.
* * * LOW HITPOINT WARNING * * *
The hound misses you.
You climb upwards.
There is a stone staircase leading down here.
You take 1 damage, and have 2/25 hp.
The crimson imp blinks!
The hound stops to sniff the ground.
The sentinel's mark upon you fades away.
The crimson imp hits you.
* * * LOW HITPOINT WARNING * * *
You take 1 damage, and have 3/25 hp.
You hit the crimson imp.
The crimson imp is moderately wounded.
The crimson imp barely misses you.
You barely miss the crimson imp.
The crimson imp is lightly wounded.
You hit the crimson imp but do no damage.
The crimson imp is lightly wounded.
The crimson imp misses you.
You hit the crimson imp but do no damage.
The crimson imp is lightly wounded.
The hound barely misses you.
The crimson imp shouts, "Go and return not, thou venomed hasty-witted crab-lanthorn!"
The crimson imp barely misses you. The hound misses you.
You hit the crimson imp.
The crimson imp is lightly wounded.
The crimson imp sputters.
The crimson imp barely misses you. The hound misses you.
You barely miss the crimson imp. The hound closely misses you.
The crimson imp barely misses you.
You hit the crimson imp but do no damage.
The hound bites you.
You die... .██.█......█ █.█.█ .██.█......█ █.█.██ .██........█ █....█ .██........█ ██████ .██...██████ ..........█ ████......█ ███████████ ████.....██ █.h.......█ █.........█ █@███████.█ █.........█ █5█ █.█ █.........█ █.█ █.█ █.........█ █.█ █h█

█........5█████.███ █.█
█......>.......... ..█.█
█.........█████.█████.█.█
█..........§........█.█.█
█.........█████.███.█.█.█


You could see a hound and a crimson imp.

Vanquished Creatures
  A hippogriff (D:10)
  A hound (D:6)
2 creatures vanquished.

Notes
Turn   | Place    | Note
-------+----------+-------------------------------------------
     0 | D:1      | Goblin1989 the Spriggan Assassin began the quest for the Orb.
     0 | D:1      | Reached XP level 1. HP: 10/10 MP: 2/2
   359 | D:3      | Noticed Ijyb
   386 | D:5      | Entered Level 5 of the Dungeon
   553 | D:6      | Found a glowing golden altar of the Shining One.
   553 | D:6      | Noticed a hound
   554 | D:6      | Killed a hound
   554 | D:6      | Reached skill level 7 in Stealth
   554 | D:6      | Reached XP level 2. HP: 14/14 MP: 3/3
   554 | D:6      | Reached XP level 3. HP: 18/18 MP: 4/4
   565 | D:6      | Noticed a scorpion
   584 | D:7      | Noticed a bullfrog
   673 | D:8      | Noticed a big kobold
   853 | D:10     | Entered Level 10 of the Dungeon
   853 | D:10     | Noticed a hippogriff
   870 | D:10     | Killed a hippogriff
   870 | D:10     | Reached skill level 10 in Stealth
   870 | D:10     | Reached XP level 4. HP: 6/22 MP: 5/5
   870 | D:10     | Reached XP level 5. HP: 7/25 MP: 6/6
   878 | D:10     | Noticed an ogre
   911 | D:10     | HP: 1/25 [hound (2)]
   961 | D:9      | Slain by a hound

Vault maps used:
D:1:      mrwooster_arrival_statue_3, minmay_misc_feat_secret_circle,
          minivault_24, minivault_11
D:2:      marbit_many_paths, old_standard_altar
D:3:      led_xom_imps, uniq_ijyb
D:4:      minmay_temple_entry_junction_2, serial_forest,
          infiniplex_forest_lined_4_way, infiniplex_forest_end_1,
          infiniplex_forest_corner_1, infiniplex_forest_zigzag_1,
          infiniplex_forest_lined_corner, infiniplex_forest_corner_1,
          infiniplex_forest_lined_3, infiniplex_forest_end_double, first_bread,
          uniq_natasha
D:5:      nicolae_ru_path_of_blood, kennysheep_mini_moat
D:6:      nicolae_qazlal_general_emergency, overflow_temple_1_default,
          serial_shops, shop, uniq_blork_the_orc, uniq_edmund
D:8:      okawaru_altar_gauntlet_db, lair_entry_dummy, serial_undead,
          serial_undead_b, serial_undead_e, serial_undead_e, serial_undead_b,
          serial_undead_d, serial_undead_e, chequers_big_river,
          hangedman_pestilent_swarm, minmay_sticks_and_stones
D:9:      lemuel_doored_altar, bloody_trog

Skill      XL: |  1  2  3 |
---------------+----------+-----
Stealth        | 7 10 | 10.3
Fighting       | |  1.5
Short Blades   | |  2.1
Throwing       | |  2.0
Dodging        | |  1.5

Action                   |  1- 3 |  4- 6 || total
-------------------------+-------+-------++-------
Melee: Dagger            |     6 |     7 ||    13
 Fire: Blowgun           |     1 |       ||     1
  Use: Scroll            |       |     3 ||     3
 Stab: Sleeping          |     2 |       ||     2
Armor: Robe              |     4 |       ||     4
Dodge: Dodged            |    18 |    11 ||    29

Vault maps used:
D:1:      mrwooster_arrival_statue_3, minmay_misc_feat_secret_circle,
          minivault_24, minivault_11
D:2:      marbit_many_paths, old_standard_altar
D:3:      led_xom_imps, uniq_ijyb
D:4:      minmay_temple_entry_junction_2, serial_forest,
          infiniplex_forest_lined_4_way, infiniplex_forest_end_1,
          infiniplex_forest_corner_1, infiniplex_forest_zigzag_1,
          infiniplex_forest_lined_corner, infiniplex_forest_corner_1,
          infiniplex_forest_lined_3, infiniplex_forest_end_double, first_bread,
          uniq_natasha
D:5:      nicolae_ru_path_of_blood, kennysheep_mini_moat
D:6:      nicolae_qazlal_general_emergency, overflow_temple_1_default,
          serial_shops, shop, uniq_blork_the_orc, uniq_edmund
D:8:      okawaru_altar_gauntlet_db, lair_entry_dummy, serial_undead,
          serial_undead_b, serial_undead_e, serial_undead_e, serial_undead_b,
          serial_undead_d, serial_undead_e, chequers_big_river,
          hangedman_pestilent_swarm, minmay_sticks_and_stones
D:9:      lemuel_doored_altar, bloody_trog
